 Dungeon Crawl Stone Soup version 0.30-a0-1-g69b7b797bf (webtiles) character file.

Game seed: 4144591400187859237

74 Nedwor the Cutter (level 4, 0/34 HPs)
             Began as a Demonspawn Gladiator on Aug 19, 2022.
             Slain by a hound (5 damage)
             ... on level 2 of the Dungeon.
             The game lasted 00:04:18 (2579 turns).

Nedwor the Cutter (Demonspawn Gladiator)            Turns: 2579, Time: 00:04:18

Health: 0/34       AC: 11    Str: 16    XL:     4   Next: 9%
Magic:  4/4        EV:  7    Int:  9    God:
Gold:   98         SH:  0    Dex: 15    Spells: 3/3 levels left

rFire   . . .      SeeInvis .    a - +0 rapier
rCold   . . .      Faith    .    (no shield)
rNeg    . . .      Spirit   .    h - +0 chain mail
rPois   .          Reflect  .    c - +0 helmet
rElec   .          Harm     .    (no cloak)
rCorr   .          Rampage  .    (no gloves)
Will    .....                    (no boots)
Stlth   ..........               (no amulet)
HPRegen 0.11/turn                (no ring)
MPRegen 0.09/turn                (no ring)

@: hasted, very quick
A: icy blue scales 1, powered by pain 1
a: no special abilities


You were on level 2 of the Dungeon.
You visited 1 branch of the dungeon, and saw 3 of its levels.

You collected 98 gold pieces.

Inventory:

Hand Weapons
 a - a +0 rapier (weapon)
Armour
 c - a +0 helmet (worn)
 h - a +0 chain mail (worn)
Jewellery
 i - a +6 ring of dexterity
 k - a +6 ring of dexterity
Scrolls
 b - 2 scrolls of fear {unknown}
 e - a scroll of noise {unknown}
 g - a scroll of enchant weapon {unknown}
 j - a scroll of enchant armour {unknown}
 m - a scroll of fog {unknown}
 n - 2 scrolls of teleportation {unknown}
 o - 2 scrolls of identify {unknown}
 r - a scroll of summoning {unknown}
Potions
 d - a potion of ambrosia {unknown}
 f - a potion of attraction {unknown}
 l - a potion of might {unknown}
 p - a potion of flight {unknown}
 q - a potion of haste


   Skills:
 + Level 2.5 Fighting
 * Level 3.5 Short Blades
 - Level 1.7 Throwing
 + Level 1.2 Armour
 + Level 3.1 Dodging


You had 3 spell levels left.
You didn't know any spells.
Your spell library contained the following spells:

 Spells                   Type           Power      Damage    Failure   Level
 Ensorcelled Hibernation  Hex/Ice        0%         N/A       100%        2
 Passwall                 Tmut/Erth      0%         N/A       100%        2
 Inner Flame              Hex/Fire       0%         N/A       100%        3
 Swiftness                Air            0%         N/A       100%        3
 Cause Fear               Hex            0%         N/A       100%        4
 Discord                  Hex            0%         N/A       100%        8


Dungeon Overview and Level Annotations

Branches:
Dungeon (3/15)

Altars:

Annotations:
D:2 Grinder


Innate Abilities, Weirdness & Mutations

You are partially covered in icy blue scales. (AC +2)
You sometimes gain a little power by taking damage.


Message History

There is a stone staircase leading down here.
The hound bites you. The hound bites you but does no damage.
Grinder gestures at you.
You suddenly lose the ability to move!
The hound bites you but does no damage. The hound bites you.
Grinder blinks!
The hound barely misses you. The hound bites you but does no damage.
The hound bites you but does no damage. x2
Grinder blinks!
The hound bites you but does no damage.
You can move again.
Grinder gestures at you. You resist with significant effort.
Grinder blinks!
The hound bites you. The hound attacks as you move away! The hound bites you.
* * * LOW HITPOINT WARNING * * *
It was a potion of haste.
You feel yourself speed up.
The hound bites you but does no damage. x2
You hit the hound.
The hound is moderately wounded.
The hound bites you but does no damage.
You hit the hound but do no damage.
The hound is moderately wounded.
Grinder blinks!
The hound closely misses you.
You barely miss the hound.
The hound is moderately wounded.
The hound completely misses you.
Grinder blinks!
You barely miss the hound.
The hound is moderately wounded.
The hound bites you but does no damage.
You closely miss the hound.
The hound is moderately wounded.
The hound bites you.
* * * LOW HITPOINT WARNING * * *
You closely miss the hound.
The hound is moderately wounded.
The hound closely misses you.
You closely miss the hound.
The hound is moderately wounded.
The hound bites you.
You die...

######### #.......# ### #.....>.#
##.## #######....§..###.>.##
######### ......#........h@....#
#.......#
...............##...#####.####...
...............###...)........)..
...............)..#.###.#.####.##
#..<..#######..##.#.# #.#)# #...
#####.# #..##.#.###...####..# #.#
#.<##...†.....##...## #.#
#.......###...##...## #.#
#..########...#..##..


You could see a hound.

Vanquished Creatures
  An adder (D:2)
  A worm (D:2)
  A dart slug (D:1)
  5 ball pythons
  3 endoplasms
  4 giant cockroaches
  5 goblins
  4 hobgoblins
  4 jackals (D:2)
  5 kobolds
  5 quokkas
  5 bats
  3 frilled lizards
  10 rats
56 creatures vanquished.

Notes
Turn   | Place    | Note
-------+----------+-------------------------------------------
     0 | D:1      | Nedwor the Demonspawn Gladiator began the quest for the
                  | Orb.
     0 | D:1      | Reached XP level 1. HP: 16/16 MP: 1/1
   355 | D:1      | Gained mutation: You sometimes gain a little power by
                  | taking damage. [demonic ancestry]
   355 | D:1      | Reached XP level 2. HP: 21/22 MP: 2/2
  1218 | D:1      | Reached XP level 3. HP: 28/28 MP: 3/3
  1463 | D:2      | Reached skill level 1 in Armour
  1730 | D:2      | Identified the +0 robe of Makyemid {Int+2}
  2396 | D:2      | Gained mutation: You are partially covered in icy blue
                  | scales. (AC +2) [demonic ancestry]
  2396 | D:2      | Reached XP level 4. HP: 34/34 MP: 4/4
  2553 | D:3      | Noticed Grinder
  2564 | D:2      | Paralysed by Grinder for 5 turns
  2579 | D:2      | Slain by a hound

Illustrated notes

Levels and vault maps discovered:
D:1:      reono_arrival_mine, layout_loops_ring
D:2:      layout_loops_ring, minmay_pentomino_pile
D:3:      layout_basic, ebering_ghost_disaster_area, minmay_box_of_dots,
          uniq_grinder

Skill      XL: |  1  2  3 |
---------------+----------+-----
Short Blades   | 3 |  3.5
Dodging        | 3 |  3.1
Armour         | 1 |  1.2
Fighting       | |  2.5
Throwing       | |  1.7

Action                   |  1- 3 |  4- 6 || total
-------------------------+-------+-------++-------
Melee: Rapier            |   215 |    37 ||   252
       Punch             |     1 |       ||     1
  Use: Potion            |       |     1 ||     1
Armor: Chain mail        |   145 |    40 ||   185
       Leather armour    |     2 |       ||     2
Dodge: Dodged            |    93 |    18 ||   111

Table legend: (Time is in decaauts)
 A = Elapsed time spent in this place.
 B = Non-inter-level travel time spent in this place.
 C = Inter-level travel time spent in this place.
 D = Time resting spent in this place.
 E = Time spent auto-exploring this place.
 F = Levels seen in this place.
 G = Mean time per level.
                   A        B        C        D        E       F      G
               +--------+--------+--------+--------+--------+-----+--------+
         Total |   2586 |   2529 |     57 |     71 |   1958 |   3 |  862.0 |
       Dungeon |   2586 |   2529 |     57 |     71 |   1958 |   3 |  862.0 |
               +--------+--------+--------+--------+--------+-----+--------+

Top non-repeatable levels by time:
     D:1: 1387 daAuts
     D:2: 1185 daAuts
     D:3: 13 daAuts
